 BcadrenCrawl: Boulder Brew version 0.05.4-52-gbd2e00ed8b (webtiles) character file.

Game seed: 7440045192353104307, levelgen mode: deterministic

182 namelastname112 the Magician (level 5, -1/42 HPs) Immature Draconian Transmuter. Began on May 12, 2022. Splashed by a jelly's acid (10 damage) ... on level 2 of the Dungeon. The game lasted 00:02:29 (992 turns).

namelastname112 the Magician (DrTm)                  Turns: 992, Time: 00:02:30

Health: -1/42      AC:  2    Str: 12    XL:     5 ^: 120
Magic:  3/10       EV: 17    Int: 14    God:
Gold:   49         SH:  0    Dex: 12    Spells: 8/11 levels left

rFire    . . .     Vision   .     - Unarmed
rCold    . . .     Gourm    .     - Unarmed
rNeg     . . .     Faith    .   (armour unavailable)
rCorr    . . .     Spirit   .   (helmet restricted)
rPois    .         Reflect  .   (no cloak)
rElec    .         Harm     .   (no gloves)
MR       .....                  (no boots)
Stlth    +.........             (no amulet)
HPRegen  0.24/turn              d - ring of evasion
MPRegen  0.20/turn              (no ring)

@: corroded
A: deformed body 2, cold-blooded, AC +6
a: Breathe Dart


You were on level 2 of the Dungeon.
You were very hungry.

You visited 1 branch of the dungeon, and saw 2 of its levels.

You collected 49 gold pieces.

Inventory:

Jewellery
 d - a ring of evasion (left hand)
Scrolls
 a - a scroll of fear
 c - a scroll of enchantment
 e - a scroll of holy word
Potions
 f - 2 potions of mutation
Comestibles
 b - 5 rations


   Skills:
 + Level 2.6 Fighting
 + Level 2.3 Dodging
 + Level 3.3 Unarmed Combat
 + Level 3.6 Spellcasting
 * Level 3.0 Transmutations


You had 8 spell levels left.
You knew the following spells:

 Your Spells              Type           Power        Failure   Level  Hunger
a - Beastly Appendage Tmut 11 (50) 6% 1 0-9 x - Sticks to Snakes Tmut           11 (100)     9%          2    29-69

Your spell library contained the following spells:

 Spells                   Type           Power        Failure   Level  Hunger
 Scorpion Form Tmut/Pois 6 (200) 32% 3 69-129 Snakes to Sticks Hex/Tmut 6 (100) 32% 3 69-129 Ice Form Ice/Tmut 6 (100) 71% 4 149-249 Blade Hands Tmut           11 (200)     85%         5    269-429


Dungeon Overview and Level Annotations

Branches:
Dungeon (2/8)

Altars:
Nemelex Xobeh

Annotations:
D:2 Pikel


Innate Abilities, Weirdness & Mutations

Your plain brown scales are resilient. (AC +6)
You can breathe rudimentary magical darts.
You cannot wear any armour on your peculiar form.
You are cold-blooded and are slowed more easily by cold attacks.


Message History

Your hands burn (4)!
You pulverise the jelly (1)!
It is struck brutally!!!
The jelly is heavily wounded! (29/49) HP You are feeling very hungry!
The jelly barely misses you (0)!
You pulverise the jelly (1)!
It is struck brutally!!!
Your hands burn (4)! * * * don't die
* * * You squash the jelly but do no damage!
The jelly is heavily wounded! (28/49) HP Your ball python bites the jelly (2)!
It resists!
Your ball pythonis burned by acid (4)!
Your ball python dies!!!
Your ball python's corpse withers and dies!!!
Casting: Sticks to Snakes (safe; 9% risk of failure)
Confirm with ! or Enter, or press ? or * to list all spells!
You create a snake!!!
The jelly hits you (3)! * * * don't die
* * * You are splashed with acid (10)!!! rip

#..≈≈≈PPP .
#≈≈≈≈P≈≈P. #.
#≈≈≈≈≈≈≈.# r..#
#≈≈≈≈≈≈≈.≈ #≈..
#≈≈≈≈≈≈..≈
#...≈###≈≈≈≈≈≈≈.#
#..≈≈≈S#≈≈≈≈≈≈≈b.
r≈..####†@≈≈≈≈≈≈.b
≈ #.†J)≈≈≈≈..#
###.≈≈≈≈..≈.
#≈≈≈≈.≈≈.#
#≈..≈.≈≈≈≈≈≈≈..#
##.≈..#≈≈≈≈≈≈≈.#
##...#≈≈≈≈≈≈≈≈#
#≈. ..≈≈≈≈≈≈≈# ##.
>.≈≈≈≈≈≈≈#


You could see a jelly and a friendly ball python.

Vanquished Creatures
  4 giant cockroaches (D:1)
  6 sewer rats (D:2)
  5 cinder newts
  A dart slug (D:1)
  2 leopard geckos
  5 goblins (D:1)
  4 hobgoblins (D:1)
  A ball python (D:1)
  3 bats (D:1)
  4 kobolds
  6 rats (D:1)
41 creatures vanquished.

Vanquished Creatures (collateral kills)
  2 sewer rats (D:2)
  A kobold skeleton (D:2)
3 creatures vanquished.

Vanquished Creatures (others)
  A slave (D:2)
  8 withered plants (D:2)
9 creatures vanquished.

Grand Total: 53 creatures vanquished

Notes
Turn   | Place    | Note
-------+----------+-------------------------------------------
     0 | D:1      | namelastname112 the Immature Draconian Transmuter began the
                  | quest for the Orb.
     0 | D:1      | Reached XP level 1. HP: 16/16 MP: 4/4
   133 | D:1      | Reached XP level 2. HP: 23/23 MP: 5/5
   151 | D:1      | Reached XP level 3. HP: 29/29 MP: 5/7
   262 | D:1      | Reached XP level 4. HP: 36/36 MP: 8/8
   486 | D:1      | Found a sparkling altar of Nemelex Xobeh.
   750 | D:2      | Noticed Pikel
   755 | D:1      | Learned a level 2 spell: Sticks to Snakes
   756 | D:2      | Noticed a crocodile
   801 | D:2      | Reached XP level 5. HP: 27/42 MP: 2/10
   992 | D:2      | Splashed by a jelly's acid

Levels and vault maps discovered:
D:1:      lemuel_arrival_tunnels, layout_loops_ring, first_ration,
          nemelex_diamond_rough_becter
D:2:      layout_sewer, uniq_pikel

Skill      XL: |  1  2  3  4  5 |
---------------+----------------+-----
Spellcasting   | 3 |  3.6
Transmutations | 2 3 |  3.0
Unarmed Combat | 3 |  3.3
Fighting       | 2 |  2.6
Dodging        | 2 |  2.3

Action                   |  1- 3 |  4- 6 || total
-------------------------+-------+-------++-------
Melee: Unarmed           |    62 |   128 ||   190
       Peck              |     2 |     8 ||    10
 Cast: Sticks to Snakes  |       |    11 ||    11
 Stab: Sleeping          |       |     2 ||     2
Armor: Skin              |     5 |    28 ||    33
Dodge: Dodged            |     9 |    20 ||    29
